 Dungeon Crawl Stone Soup version 0.25-a0-949-gdd2af9e06e (webtiles) character file.

Game seed: 13821828114436687541, levelgen mode: deterministic

2328 Flugslaktarn the Covered (level 9, 0/123 HPs)
             Began as a Deep Dwarf Fighter on May 8, 2020.
             Was a Believer of Makhleb.
             Slain by a warg (7 damage)
             ... on level 7 of the Dungeon.
             The game lasted 00:02:56 (2528 turns).

Flugslaktarn the Covered (Deep Dwarf Fighter)       Turns: 2528, Time: 00:02:56

Health: 0/123      AC: 11    Str: 23    XL:     9   Next: 19%
Magic:  8/8        EV:  6    Int:  8    God:    Makhleb [**....]
Gold:   183        SH: 11    Dex: 13    Spells: 8/8 levels left

rFire    . . .     SeeInvis .   a - +0 war axe
rCold    . . .     Gourm    .   c - +0 kite shield
rNeg     . . .     Faith    .   w - +1 chain mail {rPois}
rPois    +         Spirit   .   (no helmet)
rElec    .         Reflect  .   (no cloak)
rCorr    .         Harm     .   (no gloves)
MR       +....                  (no boots)
Stlth    ..........             (no amulet)
HPRegen  0.00/turn              (no ring)
MPRegen  0.11/turn              (no ring)

@: mighty, berserking, very slightly contaminated, non-regenerating, hasted,
very quick
A: damage resistance, heal wounds, sense surroundings 2, no regeneration
a: Heal Wounds, Minor Destruction, Renounce Religion


You were on level 7 of the Dungeon.
You worshipped Makhleb.
Makhleb was pleased with you.
You were not hungry.

You visited 1 branch of the dungeon, and saw 7 of its levels.

You collected 318 gold pieces.
You spent 135 gold pieces at shops.

Inventory:

Hand Weapons
 a - a +0 war axe (weapon)
Armour
 c - a +0 kite shield (worn)
 w - a +1 chain mail of poison resistance (worn)
   (You bought it in a shop on level 6 of the Dungeon)
Wands
 v - a wand of paralysis (14)
   (You found it on level 6 of the Dungeon)
Scrolls
 f - a scroll of vulnerability {unknown}
 r - a scroll of identify
 x - 2 scrolls of remove curse
Potions
 h - 2 potions of haste
 o - a potion of mutation {unknown}
 q - 5 potions of curing
 s - a potion of degeneration {unknown}
Comestibles
 e - 6 rations
 u - 5 chunks of flesh


   Skills:
 + Level 5.8 Fighting
 + Level 6.5 Axes
 + Level 7.1 Armour
 + Level 7.1 Shields
 + Level 5.8 Invocations


You had 8 spell levels left.
You didn't know any spells.
Your spell library was empty.

Dungeon Overview and Level Annotations

Branches:
Dungeon (7/15)             Temple (0/1) D:6

Altars:
Kikubaaqudgha
Makhleb
Trog

Shops:
D:6 *=

Annotations:
D:5 2 transporters, FrogZ's ghost, novice HOHu


Innate Abilities, Weirdness & Mutations

You are resistant to damage.
You can heal yourself by infusing magical energy.
You passively map the area around you.
You do not regenerate.


Message History

The plant is lightly damaged.
You slash the plant!
The plant is moderately damaged.
The orc hits the plant but does no damage.
You slice the plant!!
The plant is severely damaged.
You barely miss the warg.
You are too injured to fight recklessly!
You are too injured to fight recklessly!
You are too injured to fight recklessly!
Your chain mail prevents you from hitting the warg.
Your shield and chain mail prevent you from hitting the warg.
You hit the plant but do no damage. You block the warg's attack.
The warg bites you.
* * * LOW HITPOINT WARNING * * *
The orc hits the plant but does no damage.
You closely miss the warg.
The warg is lightly wounded.
You miss the warg. You hit the plant. The warg bites you. The warg bites you!
You die...

##.'..⌠8⌠..'
###..#.......# **
###..###########*
##..###.# ** ,, ..###
#.# * * ### #.#
#######.# * *
........##############
, , ,
..............oP@....#
≈≈≈≈≈≈≈≈≈≈≈≈≈≈≈≈hh...#
*
≈≈≈≈≈≈≈≈≈≈≈≈≈≈≈≈≈....#
* *
≈≈≈≈≈≈≈≈≈≈#####≈≈....#
* * ..........#.
o#≈≈....# *
########### ,,#≈≈....#
* #####, , ###≈≈Ph..#
* * o...+ #.≈≈≈....# *
, #####,, ,#.≈≈≈....#
* *


You could see 3 wargs and an orc.

Vanquished Creatures
  Sigmund (D:3)
  4 wargs (D:7)
  2 water moccasins (D:6)
  An orc warrior (D:7)
  2 sky beasts
  3 ogres
  A centaur (D:6)
  A bullfrog (D:6)
  A scorpion (D:6)
  2 crimson imps (D:5)
  A centaur skeleton (D:5)
  A centaur zombie (D:6)
  3 jellies
  An orc priest (D:7)
  2 hounds
  2 orc wizards
  Natasha (D:4)
  A bullfrog skeleton (D:5)
  An iguana (D:6)
  6 worker ants
  4 gnolls (D:5)
  A howler monkey skeleton (D:6)
  9 adders
  A shadow imp (D:4)
  An ooze (D:5)
  2 adder skeletons
  2 worms
  A leopard gecko (D:6)
  13 orcs
  A bat (D:3)
  3 giant cockroaches
  A goblin (D:1)
  A hobgoblin (D:1)
  3 jackals
  A quokka (D:5)
  A ball python (D:6)
  2 frilled lizards
  A jackal skeleton (D:6)
  2 kobolds (D:1)
  2 quokka skeletons
  4 rats
93 creatures vanquished.

Vanquished Creatures (others)
  A plant (D:7)
1 creature vanquished.

Grand Total: 94 creatures vanquished

Notes
Turn   | Place    | Note
-------+----------+-------------------------------------------
     0 | D:1      | Flugslaktarn the Deep Dwarf Fighter began the quest for the
                  | Orb.
     0 | D:1      | Reached XP level 1. HP: 20/20 MP: 1/1
   202 | D:2      | Reached XP level 2. HP: 25/27 MP: 2/2
   259 | D:3      | Noticed Sigmund
   276 | D:3      | Killed Sigmund
   276 | D:3      | Reached XP level 3. HP: 27/34 MP: 3/3
   276 | D:3      | Reached XP level 4. HP: 33/42 MP: 4/4
   276 | D:3      | Reached XP level 5. HP: 39/49 MP: 5/5
   414 | D:5      | Entered Level 5 of the Dungeon
   432 | D:5      | Noticed an ogre
   444 | D:5      | Killed an ogre
   444 | D:5      | Reached XP level 6. HP: 52/57 MP: 5/5
   541 | D:4      | Found a burning altar of Makhleb.
   545 | D:4      | Became a worshipper of Makhleb the Destroyer
   644 | D:4      | HP: 2/57 [ogre/+0 giant club (17)]
   649 | D:4      | Reached skill level 5 in Armour
   649 | D:4      | Reached skill level 5 in Shields
   649 | D:4      | Reached skill level 1 in Invocations
   752 | D:4      | Reached XP level 7. HP: 45/64 MP: 7/7
   894 | D:4      | Got a fine chain mail
   905 | D:4      | Identified the cursed +1 chain mail "Sisock Cair" {rC+}
                  | (You found it on level 4 of the Dungeon)
   947 | D:4      | Noticed Natasha
   955 | D:4      | Killed Natasha
  1157 | D:5      | Reached * piety under Makhleb
  1320 | D:5      | Reached skill level 5 in Axes
  1374 | D:5      | Found a transporter.
  1431 | D:5      | Found a bloodstained altar of Trog.
  1432 | D:5      | Found an ancient bone altar of Kikubaaqudgha.
  1471 | D:5      | Noticed FrogZ's ghost (novice HOHu)
  1474 | D:5      | Found a transporter.
  1731 | D:6      | Found Niukan's Jewellery Shoppe.
  1745 | D:6      | Reached ** piety under Makhleb
  1745 | D:6      | Reached XP level 8. HP: 43/73 MP: 7/7
  1756 | D:6      | Reached skill level 5 in Fighting
  1878 | D:6      | Found a staircase to the Ecumenical Temple.
  2111 | D:6      | Found Seahis's Serpentskin Sales.
  2127 | D:6      | Reached skill level 5 in Invocations
  2233 | D:6      | Bought a +1 chain mail of poison resistance for 135 gold
                  | pieces
  2404 | D:7      | Gained mutation: You passively map the area around you.
                  | [Deep Dwarf growth]
  2404 | D:7      | Reached XP level 9. HP: 73/82 MP: 9/9
  2457 | D:7      | Noticed an orc knight
  2457 | D:7      | Noticed an orc sorcerer
  2461 | D:7      | Noticed a rust devil
  2465 | D:7      | HP: 4/82 [orc knight/+0 halberd (21)]
  2472 | D:7      | Noticed a rust devil
  2475 | D:7      | Noticed an orange demon
  2502 | D:7      | HP: 3/82 [warg (17)]
  2528 | D:7      | Slain by a warg

Levels and vault maps discovered:
D:1:      dpeg_arrival_boxorama, layout_basic, hex_medium, roderic_roman_lattice
D:2:      layout_loops_cross, old_standard_altar, serial_bayou,
          serial_bayou_pond_e, serial_bayou_pond_a, serial_bayou_lagoon_a,
          serial_bayou_ford_a
D:3:      layout_rooms, cheibriados_altar_1, first_ration,
          nicolae_underground_beach, uniq_terence, uniq_sigmund, uniq_ijyb
D:4:      layout_loops_ring, bloody_makhleb, uniq_natasha
D:5:      layout_basic, gammafunk_temple_overflow_statue,
          lightli_sewer_entry_pipes, gammafunk_ghost_arena, minmay_diced_spiral
D:6:      layout_rooms, minmay_temple_entry_statues_pillars,
          minmay_shop_enchanted_jewellery, chequers_serial_rivers_micro_b,
          guppyfry_shop_venom
D:7:      lemuel_castle_with_subvaults [lemuel_castle_interior_original],
          layout_cave_pods, kennysheep_mini_moat, ebering_ghost_rock_garden,
          grunt_decor_clamped

Skill      XL: |  1  2  3  4  5  6  7  8  9 |
---------------+----------------------------+-----
Fighting       | 3 4 5 |  5.8
Axes           | 3 4 5 6 |  6.5
Armour         | 4 5 6 7 |  7.1
Shields        | 4 5 6 7 |  7.1
Invocations    | 1 3 5 |  5.8

Action                   |  1- 3 |  4- 6 |  7- 9 || total
-------------------------+-------+-------+-------++-------
Melee: War axe           |    39 |    68 |   299 ||   406
 Abil: Heal Wounds       |     1 |     4 |    20 ||    25
  Use: Scroll            |       |       |    10 ||    10
       Potion            |       |       |     3 ||     3
  Eat: Chunk             |       |       |     6 ||     6
Armor: Scale mail        |    20 |    26 |    10 ||    56
       Chain mail        |       |       |   231 ||   231
Dodge: Dodged            |     9 |    22 |   134 ||   165
Block: Kite shield       |    21 |    30 |   262 ||   313

Table legend:
 A = Non-vault XP
 B = Vault XP
 C = Vault XP percentage of total XP
 D = Non-vault monster count
 E = Vault monster count
 F = Vault count percentage of total count
                 A         B        C        D         E       F
            +---------+---------+-------+---------+---------+-------
      Total |    1661 |    1666 |  50.1 |      66 |      27 |  29.0
            +---------+---------+-------+---------+---------+-------
        D:1 |      11 |       0 |   0.0 |       7 |       0 |   0.0
        D:2 |       1 |       0 |   0.0 |       1 |       0 |   0.0
        D:3 |      19 |     220 |  92.1 |       4 |       1 |  20.0
        D:4 |     322 |      37 |  10.3 |      17 |       1 |   5.6
        D:5 |     482 |     273 |  36.2 |      18 |      12 |  40.0
        D:6 |     747 |     293 |  28.2 |      17 |       3 |  15.0
        D:7 |      79 |     843 |  91.4 |       2 |      10 |  83.3
            +---------+---------+-------+---------+---------+-------
